 Dungeon Crawl Stone Soup version 0.27-a0-1312-g5cdb2b3542 (webtiles) character file.

Game seed: 16284618423083948705

147 27snakeeyes612 the Bolt Thrower (level 5, -3/46 HPs)
             Began as a Minotaur Hunter on June 20, 2021.
             Killed from afar by an orc wizard (7 damage)
             ... with a magic dart
             ... on level 3 of the Dungeon.
             The game lasted 00:02:15 (2557 turns).

27snakeeyes612 the Bolt Thrower (Minotaur Hunter)   Turns: 2557, Time: 00:02:15

Health: -3/46      AC:  8    Str: 18    XL:     5   Next: 7%
Magic:  4/4        EV:  8    Int:  8    God:
Gold:   138        SH:  0    Dex: 10    Spells: 4/4 levels left

rFire    x . .     SeeInvis .   r - +0 morningstar
rCold    + . .     Faith    .   (no shield)
rNeg     . . .     Spirit   .   j - +0 chain mail
rPois    .         Reflect  .   (helmet restricted)
rElec    .         Harm     .   (no cloak)
rCorr    .         Rampage  .   (no gloves)
Will     .....                  (no boots)
Stlth    ..........             (no amulet)
HPRegen  0.15/turn              k - ring of ice
MPRegen  0.09/turn              (no ring)

@: confused
A: horns 2, retaliatory headbutt
a: no special abilities


You were on level 3 of the Dungeon.
You visited 1 branch of the dungeon, and saw 3 of its levels.

You collected 138 gold pieces.

Inventory:

Hand Weapons
 a - a +1 hand crossbow
 b - a +0 short sword
 r - a +0 morningstar (weapon)
Missiles
 d - 8 bolts
Armour
 c - a +0 leather armour
 j - a +0 chain mail (worn)
Jewellery
 k - a ring of ice (left hand)
Scrolls
 e - a scroll of teleportation
 f - 2 scrolls of noise {unknown}
 g - a scroll of holy word {unknown}
 h - a scroll of enchant armour {unknown}
 i - a scroll of blinking {unknown}
 l - 3 scrolls of vulnerability {unknown}
 n - a scroll of identify {unknown}
 q - a scroll of fear {unknown}
Potions
 m - a potion of might {unknown}
 o - 2 potions of haste {unknown}
 p - a potion of cancellation {unknown}
 s - a potion of brilliance {unknown}
 t - a potion of heal wounds {unknown}
 u - a potion of resistance


   Skills:
 + Level 3.7 Fighting
 + Level 5.2 Crossbows
 + Level 2.5 Armour
 + Level 3.4 Dodging
 - Level 0.8 Stealth


You had 4 spell levels left.
You didn't know any spells.
Your spell library contained the following spells:

 Spells                   Type           Power      Damage    Failure   Level
 Beastly Appendage        Tmut           0%         N/A       99%         1
 Wereblood                Tmut           0%         N/A       100%        2
 Spider Form              Tmut/Pois      0%         N/A       100%        3
 Ice Form                 Ice/Tmut       0%         N/A       100%        4


Dungeon Overview and Level Annotations

Branches:
Dungeon (3/15)

Altars:


Innate Abilities, Weirdness & Mutations

You have a pair of horns on your head.
You reflexively headbutt those who attack you in melee.


Message History

You're too confused to move!
You feel less confused. The orc wizard barely misses you.
You furiously retaliate!
You headbutt the orc wizard, but do no damage.
The orc priest looks satisfied for a moment.
The orc wizard gestures at you while chanting.
You are confused.
There is a large open door, spattered with blood here.
You bump into the rock wall.
The orc priest begins to cast a cantrip, but forgets the words!
The orc wizard hits you but does no damage.
You see here a +0 short sword.
You bump into the rock wall.
The orc priest hits you with a +0 flail.
The orc wizard points at you and mumbles some strange words.
The magic dart hits you.
The orc priest looks satisfied for a moment.
The orc wizard barely misses you.
The orc priest invokes the aid of Beogh against you.
Beogh smites you!
The orc wizard gestures wildly while chanting.
The orc wizard flickers and vanishes!
You feel less confused. The orc priest closely misses you. Something hits you.
The orc priest barely misses you. You furiously retaliate!
You headbutt the orc priest, but do no damage.
Something completely misses you.
You see here a +0 short sword.
You sock the orc priest!
The orc priest is severely wounded.
The orc priest calls down the wrath of Beogh upon you.
Beogh smites you!
* * * LOW HITPOINT WARNING * * *
You hear some strange, mumbled words.
You are confused.
The orc priest completely misses you.
You hear some strange, mumbled words.
A magic dart appears from out of thin air!
The magic dart hits you!
You die...

# # ######### #
#.......#
##########.......#######
........................
##############..........
# #.......... #
#.o........ #
#.{@....... #
##'########
###############)######
....................>..
####'####..........####
..<...# #.###......#
......# #.# #[.$...#
......###'##########
............#


You could see an orc priest.

Vanquished Creatures
  An orc priest (D:3)
  5 adders
  A worm (D:2)
  2 dart slugs
  6 orcs (D:3)
  8 ball pythons
  2 bats (D:2)
  4 endoplasms
  4 giant cockroaches
  3 goblins (D:2)
  6 hobgoblins
  A jackal (D:3)
  4 kobolds
  2 quokkas
  A frilled lizard (D:2)
  8 rats
58 creatures vanquished.

Notes
Turn   | Place    | Note
-------+----------+-------------------------------------------
     0 | D:1      | 27snakeeyes612 the Minotaur Hunter began the quest for the
                  | Orb.
     0 | D:1      | Reached XP level 1. HP: 18/18 MP: 0/0
   271 | D:1      | Reached XP level 2. HP: 25/25 MP: 1/1
   691 | D:1      | Reached skill level 1 in Armour
  1134 | D:2      | Reached XP level 3. HP: 29/31 MP: 2/2
  1334 | D:2      | Reached skill level 5 in Crossbows
  1334 | D:2      | Reached XP level 4. HP: 38/38 MP: 3/3
  1513 | D:2      | Found a faded altar of an unknown god.
  1884 | D:3      | Reached XP level 5. HP: 24/46 MP: 4/4
  2557 | D:3      | Killed from afar by an orc wizard

Illustrated notes

Levels and vault maps discovered:
D:1:      ebering_trefoil_twist, layout_basic
D:2:      layout_basic, chequers_ecumenical_altar_island, minmay_tromino_i2
D:3:      layout_basic, minmay_starry_boxes

Skill      XL: |  1  2  3  4 |
---------------+-------------+-----
Armour         | 1 2 |  2.5
Fighting       | 3 |  3.7
Crossbows      | 5 |  5.2
Dodging        | 3 |  3.4
Stealth        | |  0.8

Action                   |  1- 3 |  4- 6 || total
-------------------------+-------+-------++-------
Melee: Morningstar       |       |    10 ||    10
 Fire: Hand crossbow     |    74 |    38 ||   112
  Use: Scroll            |       |     1 ||     1
Armor: Leather armour    |     1 |       ||     1
       Chain mail        |     5 |    19 ||    24
Dodge: Dodged            |     4 |    16 ||    20

Table legend: (Time is in decaauts)
 A = Elapsed time spent in this place.
 B = Non-inter-level travel time spent in this place.
 C = Inter-level travel time spent in this place.
 D = Time resting spent in this place.
 E = Time spent auto-exploring this place.
 F = Levels seen in this place.
 G = Mean time per level.
                   A        B        C        D        E       F      G
               +--------+--------+--------+--------+--------+-----+--------+
         Total |   2593 |   2478 |    115 |    238 |   1904 |   3 |  864.3 |
       Dungeon |   2593 |   2478 |    115 |    238 |   1904 |   3 |  864.3 |
               +--------+--------+--------+--------+--------+-----+--------+

Top non-repeatable levels by time:
     D:1: 1113 daAuts
     D:3: 951 daAuts
     D:2: 528 daAuts
